 Dungeon Crawl Stone Soup version 0.30-a0-576-g89cddaab80 (webtiles) character file.

Game seed: 10496669968515847289

54336 greenreed the Bludgeoner (level 14, -2/135 HPs)
             Began as a Minotaur Fighter on Dec 30, 2022.
             Was a High Priest of Nemelex Xobeh.
             Slain by a five-headed hydra (6 damage)
             ... on level 1 of the Lair of Beasts.
             The game lasted 00:49:33 (21139 turns).

greenreed the Bludgeoner (Minotaur Fighter)        Turns: 21139, Time: 00:49:33

Health: -2/135     AC: 25    Str: 25    XL:     14   Next: 34%
Magic:  19/19      EV:  8    Int:  5    God:    Nemelex Xobeh [*****.]
Gold:   675        SH:  6    Dex: 11    Spells: 13/13 levels left

rFire   + . .      SeeInvis .    x - +8 demon whip (distort)
rCold   . . .      Faith    .    c - +0 buckler
rNeg    . . .      Spirit   .    b - +2 plate armour {rF+}
rPois   +          Reflect  .    (helmet restricted)
rElec   .          Harm     .    j - +1 cloak
rCorr   .          Rampage  .    S - +1 pair of gloves
Will    ++...                    O - +0 pair of boots Stlth
                                 (no amulet)
HPRegen 0.42/turn                X - ring of willpower
MPRegen 0.16/turn                K - ring of poison resistance

@: lethally poisoned (-2 -> -10), hasted, very quick
A: horns 2, retaliatory headbutt, screaming 1
a: Renounce Religion, Draw Escape, Draw Destruction, Draw Summoning, Triple
Draw, Deal Four, Stack Five


You were on level 1 of the Lair of Beasts.
You worshipped Nemelex Xobeh.
Nemelex Xobeh was extremely pleased with you.
You visited 3 branches of the dungeon, and saw 18 of its levels.

You collected 1244 gold pieces.
You spent 569 gold pieces at shops.

Inventory:

Hand Weapons
 x - a +8 demon whip of distortion (weapon)
Missiles
 H - 19 curare-tipped darts (quivered)
 T - 3 atropa-tipped darts
Armour
 b - a +2 plate armour of fire resistance (worn)
 c - a +0 buckler (worn)
 j - a +1 cloak (worn)
 J - the +1 robe "Lyotrott" {Fly Int-4 Slay+3}
   (You found it on level 8 of the Dungeon)

   Int:       It affects your intelligence (-4).
   Slay:      It affects your accuracy & damage with ranged weapons and melee
   (+3).
   Fly:       It grants you flight.
 O - a +0 pair of boots (worn)
 R - a +0 tower shield
 S - a +1 pair of gloves (worn)
Jewellery
 a - a ring of ice
 f - an amulet of guardian spirit
 h - a +4 ring of protection
 i - a +6 ring of strength
 w - a ring of positive energy
 E - a ring of wizardry
 K - a ring of poison resistance (right hand)
 L - a ring of see invisible
 X - a ring of willpower (left hand)
Wands
 v - a wand of charming (19)
 D - a wand of roots (13)
 F - a wand of flame (54)
 N - a wand of mindburst (7)
 P - a wand of light (15)
 Q - a wand of polymorph (2)
Scrolls
 p - 4 scrolls of enchant armour
 r - 11 scrolls of teleportation
 t - a scroll of torment
 u - a scroll of immolation
 y - a scroll of brand weapon
 A - 2 scrolls of magic mapping
 B - 2 scrolls of blinking
 C - a scroll of fog
 G - 2 scrolls of fear
 U - a scroll of poison
 Y - a scroll of silence
Potions
 d - 4 potions of might
 g - 3 potions of lignification
 k - a potion of attraction {unknown}
 l - 3 potions of ambrosia
 m - 5 potions of curing
 n - 5 potions of berserk rage
 o - 7 potions of mutation
 s - 4 potions of haste
 z - a potion of invisibility {unknown}
 I - 2 potions of resistance
 M - 3 potions of flight
 V - 2 potions of brilliance
 W - a potion of magic {unknown}
Miscellaneous
 e - a condenser vane
 Z - a tin of tremorstones (2/2)


   Skills:
 * Level 15.3 Fighting
 * Level 17.1 Maces & Flails
 + Level 0.1 Throwing
 + Level 14.0 Armour
 + Level 3.5 Dodging
 + Level 2.1 Stealth
 + Level 9.8 Shields
 * Level 9.2 Invocations
 + Level 1.5 Evocations


You had 13 spell levels left.
You didn't know any spells.
Your spell library contained the following spells:

 Spells                   Type           Power      Damage    Failure   Level
 Gell's Gravitas          Tloc           0%         N/A       100%        3
 Inner Flame              Hex/Fire       0%         N/A       100%        3
 Teleport Other           Tloc           0%         N/A       100%        3
 Flame Wave               Conj/Fire      0%         2d4       100%        4
 Passage of Golubria      Tloc           0%         N/A       100%        4
 Sticky Flame             Conj/Fire      0%         2d3       100%        4
 Summon Ice Beast         Ice/Summ       0%         N/A       100%        4
 Silence                  Hex/Air        0%         N/A       100%        5
 Summon Mana Viper        Hex/Summ       0%         N/A       100%        5
 Dispersal                Tloc           0%         N/A       100%        6
 Monstrous Menagerie      Summ           0%         N/A       100%        7
 Borgnjor's Revivificati  Necr           0%         N/A       100%        8
 Lehudib's Crystal Spear  Conj/Erth      0%         10d2      100%        8
 Necromutation            Tmut/Necr      0%         N/A       100%        8
 Death's Door             Necr           0%         N/A       100%        9


Dungeon Overview and Level Annotations

Branches:
Dungeon (15/15)            Temple (1/1) D:4            Lair (2/5) D:10
    Orc (0/2) D:10         Vaults (0/5) D:14         Depths (0/4) D:15
  Swamp: Lair:2-3    Shoals: Lair:2-3     Snake: Lair:2-3    Spider: Lair:2-3

Altars:
Ashenzari
Cheibriados
Dithmenos
Elyvilon
Fedhas
Gozag
Hepliaklqana
Kikubaaqudgha
Makhleb
Nemelex Xobeh
Okawaru
Qazlal
Ru
Sif Muna
Trog
Uskayaw
Vehumet
Wu Jian
Xom
Yredelemnul
Zin
The Shining One

Shops:
D:8 ([=   D:10 ?   D:14 !

Annotations:
Lair:1 Kuuciris's ghost, journeyman DgGl
Abyss:1 Nergalle


Innate Abilities, Weirdness & Mutations

You have a pair of horns on your head.
You reflexively headbutt those who attack you in melee.
You occasionally shout uncontrollably at your foes.


Message History

The komodo dragon hisses angrily.
The black mamba misses you.
The moth of wrath goads the black mamba on!
The black mamba goes berserk!
The black mamba bites you.
The moth of wrath bites you but does no damage.
You barely miss the moth of wrath. Your headbutt misses the moth of wrath.
You block the black mamba's attack. Kuuciris's ghost barely misses you.
You furiously retaliate!
You headbutt Kuuciris's ghost! The black mamba closely misses you.
You thrash the moth of wrath!!
Space warps horribly around the moth of wrath!
You headbutt the moth of wrath.
The moth of wrath is almost dead.
The black mamba bites you! The moth of wrath bites you!
Greenreed's illusion hits Kuuciris's ghost!
Kuuciris's ghost blinks!
You completely miss the moth of wrath. You headbutt the moth of wrath!
You kill the moth of wrath!
The black mamba bites you!! x2
The five-headed hydra attacks as you move away!
The five-headed hydra bites you. x2
The five-headed hydra bites you but does no damage.
The five-headed hydra bites you.
The five-headed hydra bites you but does no damage.
The black mamba bites you!!
* * * LOW HITPOINT WARNING * * *
You are poisoned.
The black mamba poisons you!
The black mamba bites you but does no damage.
Greenreed's illusion hits the five-headed hydra!!
Space warps horribly around the five-headed hydra!
You feel yourself speed up.
You feel very sick.
The black mamba bites you but does no damage.
The black mamba bites you!!
* * * LOW HITPOINT WARNING * * *
The black mamba bites you but does no damage.
The five-headed hydra bites you.
You die...
Your body disappears without a glow.

.................###...
.................###...
...........(..#####....
.####.©.####... #....
..##### ##.. #.... #
..![!(. ..##. #....
##.##..=###...? #.....
#.....#S@.W.#.# #.....
##.@D..# # ......
#......#..# #.....
##...#...#... .....
#....#..l ..# #####
.### ## ... ## ###


You could see a five-headed hydra, a black mamba (berserk, ally target),
Kuuciris's ghost and the friendly greenreed's illusion (summoned).

Vanquished Creatures
  The ghost of liarliar the Slicer, a journeyman DrSu of Trog (Lair:2)
  The ghost of bmack86 the Blocker, a journeyman MiFi of Okawaru (D:11)
  Harold (D:10)
  4 hydras
  4 boulder beetles
  Erica (D:10)
  A centaur warrior (D:15)
  5 two-headed ogres
  An alligator (shapeshifter) (D:9)
  A tengu warrior (D:15)
  4 skeletal warriors (D:12)
  A deep troll (D:15)
  A wizard (D:15)
  Pikel (D:8)
  2 orc knights
  A deep elf archer (D:14)
  A deep elf zephyrmancer (D:14)
  An ugly thing (D:12)
  The ghost of xzight the Thaumaturge, a novice DESu of Hepliaklqana (D:7)
  2 deep elf pyromancers
  A faun (D:12)
  4 manticores
  A moth of wrath (Lair:1)
  8 cyclopes
  A torpor snail (shapeshifter) (D:9)
  A black mamba (Lair:1)
  Joseph (D:8)
  5 cane toads
  3 gargoyles
  An unseen horror (D:9)
  2 komodo dragons
  4 kobold demonologists
  3 yaktaurs (D:14)
  3 freezing wraiths
  A tengu conjurer (D:15)
  A queen bee (D:11)
  A queen bee (shapeshifter) (D:12)
  A polar bear (D:12)
  2 trolls
  A hornet (D:11)
  5 slime creatures
  9 blink frogs
  A shadow (D:12)
  Sigmund (D:3)
  26 yaks
  A vampire (D:9)
  4 wyverns
  Eustachio (D:4)
  2 wraiths
  5 basilisks
  2 steam dragons
  16 vampire mosquitoes
  2 wargs (D:10)
  2 acid dragons
  A water moccasin (Lair:2)
  8 ice beasts
  7 orc warriors
  2 black bears
  A tengu (D:12)
  7 wolves
  4 ogres
  13 centaurs
  A lemure (D:8)
  13 kobold brigands
  7 bullfrogs
  A gnoll sergeant (D:4)
  3 scorpions
  2 necrophages (D:6)
  7 wights
  7 killer bees
  2 electric eels
  5 howler monkeys
  5 hounds
  2 jellies
  5 orc priests
  Crazy Yiuf (D:2)
  3 iguanas
  8 orc wizards
  10 gnolls
  10 adders
  A shadow imp (D:5)
  5 white imps
  3 ufetubi
  A worm (D:3)
  4 dart slugs
  24 orcs
  4 bats
  2 endoplasms
  5 giant cockroaches
  10 hobgoblins
  26 kobolds
  5 quokkas
  8 ball pythons
  3 frilled lizards
  7 goblins
  4 rats
404 creatures vanquished.

Vanquished Creatures (collateral kills)
  An ettin (D:15)
  A two-headed ogre (D:9)
  A hell knight (D:15)
  A skeletal warrior (D:15)
  A wizard (D:15)
  A necromancer (D:15)
6 creatures vanquished.

Vanquished Creatures (others)
  A yaktaur (D:14)
  4 fungi
  2 plants
7 creatures vanquished.

Grand Total: 417 creatures vanquished

Notes
Turn   | Place    | Note
-------+----------+-------------------------------------------
     0 | D:1      | greenreed the Minotaur Fighter began the quest for the Orb.
     0 | D:1      | Reached XP level 1. HP: 19/19 MP: 0/0
   212 | D:1      | Reached XP level 2. HP: 27/27 MP: 1/1
   872 | D:2      | Reached XP level 3. HP: 33/33 MP: 2/2
   899 | D:2      | Reached skill level 3 in Maces & Flails
  1030 | D:2      | Found a faded altar of an unknown god.
  1133 | D:2      | Reached XP level 4. HP: 41/41 MP: 3/3
  1525 | D:2      | Found a runed translucent door.
  1526 | D:2      | Noticed Crazy Yiuf
  1613 | D:3      | Found a radiant altar of Vehumet.
  1823 | D:3      | Found a blossoming altar of Fedhas.
  1846 | D:3      | Identified the +1 robe "Zoxyn" {rC+ Int+6}
  1867 | D:3      | Found a shimmering altar of Xom.
  1869 | D:3      | Found a shimmering altar of Xom.
  1869 | D:3      | Found a snail-covered altar of Cheibriados.
  1871 | D:3      | Found a white marble altar of Elyvilon.
  1871 | D:3      | Found a white marble altar of Elyvilon.
  1871 | D:3      | Found a shimmering blue altar of Sif Muna.
  1944 | D:3      | Found a sacrificial altar of Ru.
  2006 | D:3      | Noticed Sigmund
  2018 | D:3      | Killed Sigmund
  2019 | D:3      | Reached skill level 5 in Maces & Flails
  2019 | D:3      | Reached XP level 5. HP: 38/47 MP: 4/4
  2165 | D:3      | Found a hazy altar of Hepliaklqana.
  2408 | D:4      | Reached XP level 6. HP: 55/55 MP: 5/5
  2619 | D:4      | Found a sparkling altar of Nemelex Xobeh.
  2633 | D:4      | Became a worshipper of Nemelex Xobeh the Trickster
  2668 | D:4      | Noticed Eustachio
  2741 | D:4      | Reached skill level 1 in Invocations
  3106 | D:4      | Killed Eustachio
  3107 | D:4      | Reached skill level 5 in Fighting
  3107 | D:4      | Reached skill level 6 in Maces & Flails
  3384 | D:4      | Found a staircase to the Ecumenical Temple.
  3390 | Temple   | Entered the Ecumenical Temple
  3668 | D:5      | Entered Level 5 of the Dungeon
  3676 | D:5      | Reached XP level 7. HP: 50/61 MP: 7/7
  3741 | D:5      | Reached skill level 5 in Armour
  3776 | D:5      | Reached skill level 7 in Maces & Flails
  4047 | D:4      | Reached skill level 1 in Dodging
  4174 | D:5      | Identified the +6 short sword of Nihoiget {heavy, Will+
                  | Dex-5 Stlth+}
  4436 | D:5      | Reached skill level 8 in Maces & Flails
  4763 | D:5      | Reached XP level 8. HP: 49/70 MP: 8/8
  4974 | D:6      | Reached skill level 9 in Maces & Flails
  5217 | D:6      | Reached skill level 1 in Stealth
  5243 | D:6      | Reached skill level 10 in Maces & Flails
  5243 | D:6      | Reached XP level 9. HP: 42/78 MP: 10/10
  5868 | D:7      | Found a runed translucent gate.
  5869 | D:7      | Found a runed translucent gate.
  5869 | D:7      | Noticed xzight's ghost (novice DESu)
  5871 | D:7      | Noticed a kobold demonologist
  5874 | D:7      | Reached * piety under Nemelex Xobeh
  5875 | D:7      | Found a runed translucent gate.
  6157 | D:7      | Found a glowing silver altar of Zin.
  6239 | D:7      | Reached skill level 11 in Maces & Flails
  6383 | D:8      | Reached skill level 5 in Shields
  6424 | D:8      | Found an opulent altar of Gozag.
  6432 | D:8      | Identified the +1 robe "Lyotrott" {Fly Int-4 Slay+3}
  6456 | D:8      | Found a broken altar of Ashenzari.
  6488 | D:8      | Found Weagho's Antique Armour Shop.
  6723 | D:8      | Noticed Pikel
  6745 | D:8      | Killed Pikel
  6746 | D:8      | Reached skill level 12 in Maces & Flails
  6819 | D:8      | Received a gift from Nemelex Xobeh
  6866 | D:8      | Found Biesuax's Jewellery Shoppe.
  6873 | D:8      | Bought a ring of poison resistance for 260 gold pieces
  6873 | D:8      | Bought a ring of see invisible for 195 gold pieces
  7161 | D:8      | Found Sifaesud's Weapon Boutique.
  7173 | D:8      | Reached XP level 10. HP: 69/88 MP: 12/12
  7313 | D:8      | Noticed Joseph
  7323 | D:8      | Killed Joseph
  7584 | D:9      | Reached ** piety under Nemelex Xobeh
  7597 | D:9      | Reached skill level 5 in Invocations
  7614 | D:9      | Found a transporter.
  7614 | D:9      | Noticed a boulder beetle
  7615 | D:9      | Noticed a cyclops
  7621 | D:9      | a wind drake changed into a sea snake
  7621 | D:9      | Noticed a sea snake (shapeshifter)
  7622 | D:9      | Noticed a two-headed ogre
  7665 | D:9      | Found a transporter.
  7697 | D:9      | Noticed a fire crab
  7753 | D:9      | Reached skill level 13 in Maces & Flails
  7971 | D:9      | Noticed a two-headed ogre
  7982 | D:9      | Killed a two-headed ogre
  8071 | D:9      | Noticed a shock serpent
  8098 | D:9      | Noticed a sea snake
  8102 | D:9      | a sea snake changed into a moth of wrath
  8102 | D:9      | Noticed a moth of wrath (shapeshifter)
  8145 | D:10     | Entered Level 10 of the Dungeon
  8166 | D:10     | Found a staircase to the Orcish Mines.
  8181 | D:10     | Reached XP level 11. HP: 78/99 MP: 14/14
  8391 | D:10     | Found an iron altar of Okawaru.
  8433 | D:10     | Noticed a two-headed ogre
  8450 | D:9      | Killed a two-headed ogre
  8451 | D:9      | Reached skill level 10 in Fighting
  8573 | D:10     | Noticed a sun demon
  8579 | D:10     | Noticed Erica
  8587 | D:9      | Reached skill level 14 in Maces & Flails
  8655 | D:10     | Killed Erica
  8725 | D:10     | Noticed Harold
  8748 | D:10     | Killed Harold
  9168 | D:10     | Reached skill level 1 in Evocations
  9249 | D:10     | Found a staircase to the Lair.
  9408 | D:10     | Found Ygenon's Magic Scroll Shop.
  9411 | D:10     | Bought a scroll of teleportation for 36 gold pieces
  9411 | D:10     | Bought a scroll of identify for 24 gold pieces
  9697 | D:2      | Killed Crazy Yiuf
  9866 | D:7      | Noticed a sun demon
  9885 | D:7      | Killed xzight's ghost
 10230 | D:11     | Noticed a two-headed ogre
 10241 | D:11     | Noticed a boulder beetle
 10328 | D:9      | Noticed a shock serpent
 10336 | D:9      | a shock serpent changed into an anaconda
 10336 | D:9      | Noticed an anaconda (shapeshifter)
 10344 | D:9      | an anaconda changed into a goliath frog
 10344 | D:9      | Noticed a goliath frog (shapeshifter)
 10545 | D:10     | Killed a two-headed ogre
 10740 | D:11     | Killed a boulder beetle
 10741 | D:11     | Reached skill level 10 in Armour
 10776 | D:11     | Noticed a two-headed ogre
 10837 | D:10     | Killed a two-headed ogre
 10838 | D:10     | Reached skill level 15 in Maces & Flails
 10838 | D:10     | Reached XP level 12. HP: 78/110 MP: 15/15
 11083 | D:11     | Found a blossoming altar of Fedhas.
 11146 | D:11     | Received a gift from Nemelex Xobeh
 11159 | D:11     | Noticed bmack86's ghost (journeyman MiFi)
 11168 | D:11     | Found a transporter.
 11173 | D:11     | Found a transporter.
 11179 | D:11     | Reached *** piety under Nemelex Xobeh
 11966 | D:12     | Received a gift from Nemelex Xobeh
 12528 | D:12     | Found an opulent altar of Gozag.
 12736 | D:12     | Noticed a boulder beetle
 12761 | D:12     | Killed a boulder beetle
 13446 | D:13     | Noticed a centaur warrior
 13705 | D:13     | Reached **** piety under Nemelex Xobeh
 13788 | D:13     | a centaur warrior changed into a faun
 14185 | D:13     | Noticed a four-headed hydra
 14195 | D:13     | Killed a four-headed hydra
 14482 | D:13     | Received a gift from Nemelex Xobeh
 14688 | D:13     | Reached XP level 13. HP: 97/122 MP: 17/17
 15293 | D:14     | Found Raemmire's Distillery.
 15302 | D:14     | Bought a potion of curing for 54 gold pieces
 15415 | D:14     | Reached skill level 16 in Maces & Flails
 16323 | D:14     | You fall into a shaft and drop 1 floor!
 16323 | D:15     | Entered Level 15 of the Dungeon
 16920 | D:14     | Received a gift from Nemelex Xobeh
 17110 | D:14     | Gained mutation: You occasionally shout uncontrollably at
                  | your foes. [a neqoxec]
 17350 | D:14     | Found a gate to the Vaults.
 17840 | D:15     | Found a sparkling altar of Nemelex Xobeh.
 18010 | D:15     | Received a gift from Nemelex Xobeh
 18090 | D:15     | Noticed an ettin
 18390 | D:15     | Killed an ettin
 18750 | D:15     | Found a staircase to the Depths.
 19366 | D:9      | Identified the +5 glaive of the Poles {drain, Drain rF++}
 19676 | D:11     | Killed bmack86's ghost
 19677 | D:11     | Reached XP level 14. HP: 79/133 MP: 19/19
 19930 | Lair:1   | Entered Level 1 of the Lair of Beasts
 19955 | Lair:1   | You fall into a shaft and drop 1 floor!
 19955 | Lair:2   | Received a gift from Nemelex Xobeh
 19977 | Lair:2   | Found a runed translucent door.
 19997 | Lair:2   | Noticed liarliar's ghost (journeyman DrSu)
 20013 | Lair:2   | Killed liarliar's ghost
 20098 | Lair:2   | Noticed Nergalle
 20104 | Lair:2   | Banished Nergalle
 20431 | Lair:2   | Reached ***** piety under Nemelex Xobeh
 20473 | Lair:2   | Reached skill level 15 in Fighting
 20547 | Lair:2   | Received a gift from Nemelex Xobeh
 20707 | Lair:2   | Identified the +4 scale mail of Apathy {Stlth+}
 20736 | Lair:2   | Received a gift from Nemelex Xobeh
 20754 | Lair:2   | Reached skill level 17 in Maces & Flails
 21120 | Lair:1   | Found a transporter.
 21128 | Lair:1   | Noticed Kuuciris's ghost (journeyman DgGl)
 21139 | Lair:1   | HP: 4/135 [black mamba (21)]
 21139 | Lair:1   | Slain by a five-headed hydra

Illustrated notes

Levels and vault maps discovered:
D:1:      roderic_crop_circles_arrival_small, layout_loops_ring
D:2:      layout_basic, ebering_ecumenical_altar_abandoned,
          uniq_crazy_yiuf_cottage
D:3:      layout_loops_ring, nicolae_ru_the_path_less_chosen,
          doesnt_xom_only_xom, mainiacjoe_overflow_alcove_2,
          mainiacjoe_overflow_brackets, mainiacjoe_overflow_paths,
          saegor_snake_ambush, uniq_sigmund
D:4:      layout_loops_ring, lemuel_crystal_altar, minmay_temple_entry_fiery,
          minmay_misc_feat_x, uniq_eustachio
D:5:      layout_basic
D:6:      layout_loops_ring
D:7:      layout_loops_ring, zin_statuary, gammafunk_ghost_nasty_kobolds
D:8:      layout_loops_cross, evilmike_ruin_ashenzari,
          mainiacjoe_overflow_cross_hatched, serial_shops,
          nicolae_shop_statue_plus, nicolae_shop_waterfront, shop, uniq_pikel,
          uniq_joseph
D:9:      gammafunk_the_bubble [the_bubble_gammafunk_grid], layout_basic
D:10:     layout_gridville, okawaru_altar_gauntlet_db, erik_lair_dragon,
          minmay_orc_entry_guard_dogs, serial_shops, kennysheep_mini_moat,
          uniq_erica, uniq_harold
D:11:     layout_cross, gammafunk_ghost_hive, fedhas_altar_4
D:12:     layout_gridville, serial_ice, serial_ice_j, serial_ice_g,
          serial_ice_h, serial_ice_b, serial_ice_a,
          portal_ice_cave_entry_pillars_1, grunt_gozag_breadcrumbs
D:13:     layout_cave_pods, lightli_minifort
D:14:     layout_roguey, hangedman_vaults_entry_quadrant_bands, glass_columns_a,
          serial_shops, shop
D:15:     hangedman_depths_entry_civil_slaughter, layout_basic,
          nemelex_altar_shiori, amethyst_killhole
Temple:   hc_temple_tempest_star
Lair:1:   layout_hall_layers, gammafunk_ghost_berserking_beasts
Lair:2:   layout_regular_city, ebering_ghost_reflecting_pool, uniq_nergalle

Skill      XL: |  1  2  3  4  5  6  7  8  9 10 11 12 13 14 |
---------------+-------------------------------------------+-----
Armour         | 4 5 7 8 10 12 13 14 | 14.0
Fighting       | 4 5 6 8 9 11 13 14 15 | 15.3
Maces & Flails | 3 5 6 8 10 12 13 15 16 17 | 17.1
Shields        | 4 5 6 8 9 |  9.8
Invocations    | 1 2 3 4 5 6 7 8 9 |  9.2
Dodging        | 1 2 3 |  3.5
Stealth        | 1 2 |  2.1
Evocations     | 1 |  1.5
Throwing       | |  0.1

Action                   |  1- 3 |  4- 6 |  7- 9 | 10-12 | 13-15 || total
-------------------------+-------+-------+-------+-------+-------++-------
Melee: Flail             |    90 |   128 |   312 |   629 |   395 ||  1554
       Headbutt          |    13 |    19 |    49 |   151 |   136 ||   368
       Demon whip        |       |       |       |       |   141 ||   141
Throw: Dart              |       |       |       |     1 |       ||     1
Invok: Draw Destruction  |       |       |       |     1 |     3 ||     4
       Draw Summoning    |       |       |       |       |     5 ||     5
       Draw Escape       |       |       |       |       |     3 ||     3
Evoke: Wand              |       |       |       |    13 |       ||    13
  Use: Potion            |       |     1 |       |     3 |     4 ||     8
       Scroll            |       |       |       |    12 |    16 ||    28
 Stab: Distracted        |       |       |     1 |       |       ||     1
Armor: Scale mail        |    41 |       |       |       |       ||    41
       Plate armour      |       |   120 |   196 |   470 |   302 ||  1088
Dodge: Dodged            |    44 |    60 |    87 |   245 |   164 ||   600
Block: Buckler           |    15 |    33 |    51 |   157 |   127 ||   383

Table legend: (Time is in decaauts)
 A = Elapsed time spent in this place.
 B = Non-inter-level travel time spent in this place.
 C = Inter-level travel time spent in this place.
 D = Time resting spent in this place.
 E = Time spent auto-exploring this place.
 F = Levels seen in this place.
 G = Mean time per level.
                   A        B        C        D        E       F      G
               +--------+--------+--------+--------+--------+-----+--------+
         Total |  20958 |  18612 |   2346 |   2900 |  12010 |  18 | 1164.3 |
       Dungeon |  19627 |  17322 |   2305 |   2616 |  11217 |  15 | 1308.5 |
        Temple |    178 |    160 |     18 |      0 |    147 |   1 |  178.0 |
          Lair |   1152 |   1129 |     23 |    284 |    644 |   2 |  576.0 |
               +--------+--------+--------+--------+--------+-----+--------+

Top non-repeatable levels by time:
    D:10: 2131 daAuts
    D:12: 2036 daAuts
    D:13: 2025 daAuts
    D:14: 1822 daAuts
     D:9: 1496 daAuts
     D:3: 1170 daAuts
    D:11: 1152 daAuts
    D:15: 1130 daAuts
     D:5: 1121 daAuts
     D:8: 1094 daAuts
     D:4: 1066 daAuts
  Lair:2: 938 daAuts
     D:6: 929 daAuts
     D:1: 865 daAuts
     D:2: 796 daAuts
